 Dungeon Crawl Stone Soup version 0.23.2 (webtiles) character file.

Game seed: 7410767258259562205

84 JaketheDog the Skirmisher (level 4, 0/35 (40) HPs)
             Began as a Ghoul Monk on May 3, 2019.
             Slain by a leopard gecko (3 damage)
             ... on level 3 of the Dungeon on May 6, 2019.
             The game lasted 00:18:43 (2293 turns).

JaketheDog the Skirmisher (Ghoul Monk)              Turns: 2293, Time: 00:18:44

HP:   0/35 (40)     AC:  2    Str: 15    XL:     4   Next: 45%
MP:   3/3           EV: 13    Int:  5    God:
Gold: 140           SH:  0    Dex: 11    Spells: 3/3 levels left

rFire    . . .     SeeInvis .   a - +0 hand axe
rCold    + . .     Gourm    .   (no shield)
rNeg     + + +     Faith    .   b - +0 robe
rPois    ∞         Spirit   .   (no helmet)
rElec    .         Reflect  .   (no cloak)
rCorr    .         Harm     .   (no gloves)
MR       .....                  (no boots)
Stlth    ++........             (no amulet)
HPRegen  0.00/turn              (no ring)
MPRegen  0.08/turn              (no ring)

@: rotting
A: rotting body, claws 1, carnivore, cold resistance 1, negative energy
resistance 3, inhibited regeneration, torment resistance, unbreathing
a: no special abilities


You were on level 3 of the Dungeon.
You were hungry.

You visited 1 branch of the dungeon, and saw 3 of its levels.

You collected 140 gold pieces.

Inventory:

Hand Weapons
 a - a +0 hand axe (weapon)
 k - a +0 club
Armour
 b - a +0 robe (worn)
Wands
 l - a wand of iceblast (9)
Scrolls
 d - 4 scrolls of teleportation {unknown}
 f - a scroll of magic mapping {unknown}
 g - a scroll of random uselessness {unknown}
 h - a scroll of blinking {unknown}
 i - a scroll of enchant weapon {unknown}
 j - 2 scrolls of identify {unknown}
 m - a scroll of fear {unknown}
 o - 4 scrolls of fog {unknown}
Potions
 e - a potion of brilliance {unknown}
 n - a potion of berserk rage {unknown}
Comestibles
 c - 6 rations


   Skills:
 + Level 3.7 Fighting
 + Level 3.6 Axes
 + Level 3.2 Dodging
 + Level 3.0 Stealth


You had 3 spell levels left.
You didn't know any spells.
Your spell library was empty.

Dungeon Overview and Level Annotations

Branches:
Dungeon (3/15)

Altars:
Ashenzari


Innate Abilities, Weirdness & Mutations

Your body is rotting away.
You thrive on raw meat.
You are immune to poison.
You have sharp fingernails.
You are carnivorous and can eat meat at any time.
Your flesh is cold resistant. (rC+)
You are immune to negative energy. (rN+++)
You do not regenerate when monsters are visible.
You are immune to unholy pain and torment.
You can survive without breathing.


Message History

You closely miss the leopard gecko. The leopard gecko closely misses you.
The leopard gecko misses you.
You hit the leopard gecko.
The leopard gecko is lightly wounded.
You hit the jackal. x2; You miss the quokka.
The jackal bites you.
* * * LOW HITPOINT WARNING * * *
The jackal bites you.
* * * LOW HITPOINT WARNING * * *
The quokka bites you.
* * * LOW HITPOINT WARNING * * *
The leopard gecko barely misses you. The jackal closely misses you.
The jackal barely misses you. The jackal closely misses you.
The quokka bites you.
* * * LOW HITPOINT WARNING * * *
The leopard gecko closely misses you.
Unknown command.
The quokka barely misses you.
The leopard gecko bites you but does no damage.
The quokka misses you. The leopard gecko bites you.
You die...

#..............###.####...
#..................####.#
#.....##†###.####..##...##
#.....##........#.....#...
#.....###.##.##.#.....#.##
#.....##.....# ####.##.##
########.....# #.....#
###...# #....##.# #.@...#
#.#..#... #######r#l..#
...#......
......hhh...##.## #.#####
..$.....!....... # #....
...............# #....
........##.>...# +....
........# #....# #....
........# ..).# #####
........# ...#


You could see a leopard gecko, a quokka and 2 jackals.

Vanquished Creatures
  2 adders (D:2)
  2 worms (D:3)
  A dart slug (D:3)
  2 leopard geckos
  An orc (D:3)
  3 giant cockroaches
  2 goblins
  4 hobgoblins
  6 jackals
  A ball python (D:3)
  10 bats
  4 frilled lizards
  7 kobolds
  6 rats
51 creatures vanquished.

Notes
Turn   | Place    | Note
-------+----------+-------------------------------------------
     0 | D:1      | JaketheDog the Ghoul Monk began the quest for the Orb.
     0 | D:1      | Reached XP level 1. HP: 19/19 MP: 0/0
   149 | D:1      | Reached XP level 2. HP: 19/24 MP: 1/1
   401 | D:1      | Found a shattered altar of Ashenzari.
   878 | D:2      | Reached XP level 3. HP: 12/27 MP: 2/2
  1853 | D:3      | Reached XP level 4. HP: 36/36 MP: 3/3
  2177 | D:3      | lol
  2293 | D:3      | Slain by a leopard gecko

Skill      XL: |  1  2  3  4 |
---------------+-------------+-----
Axes           | 3 |  3.6
Dodging        | 3 |  3.2
Stealth        | 3 |  3.0
Fighting       | |  3.7

Action                   |  1- 3 |  4- 6 || total
-------------------------+-------+-------++-------
Melee: Hand axe          |   122 |    74 ||   196
 Stab: Sleeping          |     8 |     2 ||    10
  Eat: Chunk             |     4 |       ||     4
Armor: Robe              |    31 |    14 ||    45
Dodge: Dodged            |    96 |    51 ||   147
